 Dungeon Crawl Stone Soup version 0.21.1-1-g345015f (webtiles) character file.

166 goulibeur the Unweaver (level 5, 0/42 HPs)
             Began as a Demonspawn Abyssal Knight on July 23, 2018.
             Was a Follower of Lugonu.
             Shot with an arrow by a centaur (1 damage)
             ... on level 3 of the Dungeon.
             The game lasted 00:09:37 (2879 turns).

goulibeur the Unweaver (Demonspawn Abyssal Knight)  Turns: 2879, Time: 00:09:38

Health: 0/42       AC:  6    Str: 13    XL:     5   Next: 22%
Magic:  8/8        EV: 12    Int: 13    God:    Lugonu [*.....]
Gold:   162        SH:  0    Dex: 13    Spells: 4/4 levels left

rFire    . . .     SeeInvis .   a - +1 short sword
rCold    . . .     Gourm    .   (no shield)
rNeg     . . .     Faith    .   e - +3 leather armour
rPois    .         Spirit   .   (helmet restricted)
rElec    .         Reflect  .   (no cloak)
rCorr    .         Harm     .   (no gloves)
MR       .....                  (no boots)
Stlth    +.........             (no amulet)
HPRegen  0.14/turn              (no ring)
MPRegen  0.11/turn              (no ring)

@: no status effects
A: antennae 2, demonic guardian 1
a: Depart the Abyss, Renounce Religion


You were on level 3 of the Dungeon.
You worshipped Lugonu.
Lugonu was aware of your devotion.
You were hungry.

You visited 1 branch of the dungeon, and saw 3 of its levels.
You visited the Abyss 1 time.

You collected 162 gold pieces.

Inventory:

Hand Weapons
 a - a +1 short sword (weapon)
Armour
 b - a +0 leather armour
 e - a +3 leather armour (worn)
Jewellery
 n - a cursed ring of loudness {unknown}
Scrolls
 d - a scroll of enchant weapon {unknown}
 g - a scroll of teleportation {unknown}
 h - a scroll of remove curse {unknown}
 j - a scroll of magic mapping {unknown}
 m - a scroll of identify {unknown}
Potions
 f - 2 potions of degeneration {unknown}
 i - a potion of heal wounds
 k - a potion of flight {unknown}
 l - a potion of magic {unknown}
 p - 2 potions of brilliance {unknown}
Comestibles
 c - 2 rations
 o - 2 chunks of flesh


   Skills:
 + Level 3.8 Fighting
 - Level 1.7 Short Blades
 + Level 2.6 Armour
 + Level 2.1 Dodging
 * Level 4.8 Invocations


You had 4 spell levels left.
You didn't know any spells.

Dungeon Overview and Level Annotations

Branches:
Dungeon (3/15)

Altars:

Annotations:
D:3 flestrin's ghost, amateur FoFi


Innate Abilities, Weirdness & Mutations

You have a pair of antennae on your head.
A weak demonic guardian rushes to your aid.


Message History

The centaur shoots an arrow.
The arrow hits you!
You see here an arrow.
The centaur shoots an arrow.
The arrow hits you!
* * * LOW HITPOINT WARNING * * *
The centaur shoots an arrow.
The arrow closely misses your quasit. The arrow hits you!
* * * LOW HITPOINT WARNING * * *
You are feeling hungry.
Found 15 gold pieces.
The centaur shoots an arrow.
The arrow completely misses your quasit.
The arrow misses you.
The centaur shoots an arrow.
The arrow closely misses your quasit. The arrow closely misses you.
Found a scroll labeled VALOBE BUISUFI.
You see here 2 arrows.
The centaur shoots an arrow.
The arrow closely misses your quasit. The arrow closely misses you.
You see here an arrow.
The centaur shoots an arrow.
The arrow hits you.
You die...

#......#################...
#..............(.(((.......
#......#......c#########...
#......#.....).# #.......
#......#.....>.# #{####{#
##..####.(.....# ##.# #.##
#.(.....### ##.(# #.#
#..5......# #.(## #.#
##.@#.....#...{.(## ########.#
#............... .##......#
#.$............. .........#
...........c....
...)...........?.........<....
..............................
..........##..................
.............##.........
..........##...... ....


You could see a centaur and a friendly quasit.

Vanquished Creatures
  Jessica (D:2)
  8 adders
  A worm (D:2)
  A dart slug (D:2)
  2 leopard geckos
  3 orcs (D:2)
  4 giant cockroaches
  8 goblins
  7 hobgoblins
  4 jackals (D:1)
  7 kobolds
  A quokka (D:2)
  6 bats
  4 rats
57 creatures vanquished.

Notes
Turn   | Place    | Note
-------+----------+-------------------------------------------
     0 | Abyss:1  | goulibeur the Demonspawn Abyssal Knight began the quest for the Orb.
     0 | Abyss:1  | Reached XP level 1. HP: 18/18 MP: 2/2
    56 | D:1      | Escaped the Abyss
   129 | D:1      | Reached skill level 1 in Dodging
   241 | D:1      | Gained mutation: You have a pair of small antennae on your head. [demonic ancestry]
   241 | D:1      | Reached XP level 2. HP: 20/24 MP: 4/4
   311 | D:1      | Reached skill level 3 in Invocations
   312 | D:1      | Reached * piety under Lugonu
  1142 | D:2      | Reached XP level 3. HP: 21/29 MP: 5/5
  1647 | D:2      | Reached skill level 4 in Invocations
  1647 | D:2      | Gained mutation: You have a pair of antennae on your head. [demonic ancestry]
  1647 | D:2      | Reached XP level 4. HP: 7/35 MP: 5/7
  2085 | D:2      | Noticed Jessica
  2098 | D:2      | Killed Jessica
  2487 | D:2      | Gained mutation: A weak demonic guardian rushes to your aid. [demonic ancestry]
  2487 | D:2      | Reached XP level 5. HP: 41/42 MP: 8/8
  2673 | D:3      | Noticed flestrin's ghost (amateur FoFi)
  2855 | D:3      | Noticed a centaur
  2873 | D:3      | HP: 1/42 [centaur/arrow (9)]
  2879 | D:3      | Shot with an arrow by a centaur

Skill      XL: |  1  2  3  4 |
---------------+-------------+-----
Dodging        | 1 2 |  2.1
Invocations    | 3 4 |  4.8
Armour         | 2 |  2.6
Fighting       | |  3.8
Short Blades   | |  1.7

Action                   |  1- 3 |  4- 6 || total
-------------------------+-------+-------++-------
Melee: Short sword       |   143 |   112 ||   255
Invok: Depart the Abyss  |     1 |       ||     1
  Use: Potion            |       |     1 ||     1
 Stab: Sleeping          |     1 |       ||     1
  Eat: Chunk             |     2 |     4 ||     6
Armor: Leather armour    |    50 |    36 ||    86
Dodge: Dodged            |    75 |   100 ||   175
